AoeStats
← sovietico2903

Nomad

509441237Analyzed
3v3 RM · 7d ago on Sep 26, 2026· 33m 52s· 6 players
Game mode
Random Map
Map size
210×210
Population
200
Speed
Normal
Resources
Standard
Victory
Conquest
Starting age
Dark Age
Ending age
Imperial Age
RankedLock teamsTeams togetherTeam positionsShared explorationLock speedFull tech treeHidden civsTurbo modeCheats
Victory
Defeat
🇷🇴 Franks · Romania
876
+12
🇸🇪 Japanese · Sweden
820
+14
🇦🇷 Bulgarians · Argentina
729
+18
🇦🇷 Byzantines · Argentina
945
-64
🇦🇷 Vietnamese · Argentina
746
-22
🇦🇷 Celts · Argentina
665
-22
Schell3481
7:24 Loom
14:56 Feudal Age
15:30 Horse Collar
16:08 Double-Bit Axe
16:44 Gold Mining
20:33 Stone Mining
21:50 Fletching
22:57 Padded Archer Armor
23:36 Arson
23:37 Man-at-Arms
30:48 Castle Age
32:53 Stone Shaft Mining
32:23 Bodkin Arrow
32:44 Leather Archer Armor
34:26 Wheelbarrow
34:11 Thumb Ring
33:26 Crossbowman
MolarGorilla276
3:28 Loom
18:33 Feudal Age
19:57 Wheelbarrow
22:25 Horse Collar
23:47 Double-Bit Axe
28:51 Padded Archer Armor
28:41 Fletching
29:02 Forging
28:52 Scale Mail Armor
32:33 Castle Age
sovietico2903
eSacaluTati
21:02 Feudal Age
21:18 Loom
22:35 Man-at-Arms
26:42 Double-Bit Axe
29:32 Padded Archer Armor
32:14 Fletching
35:42 Castle Age
Nahue
8:43 Loom
14:37 Feudal Age
15:11 Double-Bit Axe
15:20 Stone Mining
15:21 Gold Mining
18:32 Horse Collar
22:44 Scale Mail Armor
28:04 Castle Age
27:16 Forging
29:19 Bow Saw
29:12 Heavy Plow
30:49 Stone Shaft Mining
32:34 Gold Shaft Mining
Cpt Wetbeard
9:47 Loom
13:33 Feudal Age
13:58 Man-at-Arms
16:39 Forging
16:30 Scale Mail Armor
16:39 Fishing Lines
16:57 Arson
25:56 Castle Age
25:14 Fletching
25:28 Double-Bit Axe
26:17 Elite Skirmisher
26:25 Long Swordsman
26:51 Gambesons
27:07 Squires
28:00 Iron Casting
27:21 Bodkin Arrow
28:07 Wheelbarrow
30:47 Ballistics
Connection lost

Rejoining the realm…

Still unreachable

The connection could not be restored.

Session expired

The server has moved on; the page needs a fresh start.